 Dungeon Crawl Stone Soup version 0.30-a0-451-ge042605de7 (webtiles) character file.

Game seed: 5787876568817685519

1096 HoaS the Skirmisher (level 8, -1/44 HPs)
             Began as a Kobold Hunter on Dec 11, 2022.
             Was an Initiate of Okawaru.
             Slain by a gnoll sergeant
             ... wielding a +3 spear of flaming
              (2 damage)
             ... on level 5 of the Dungeon.
             The game lasted 00:08:18 (5437 turns).

HoaS the Skirmisher (Kobold Hunter)                 Turns: 5437, Time: 00:08:19

Health: -1/44      AC:  7    Str:  9    XL:     8   Next: 57%
Magic:  8/8        EV: 14    Int: 10    God:    Okawaru [......]
Gold:   189        SH:  0    Dex: 20    Spells: 7/7 levels left

rFire   . . .      SeeInvis .    a - +0 shortbow
rCold   + . .      Faith    .    (shield currently unavailable)
rNeg    . . .      Spirit   .    c - +1 leather armour
rPois   .          Reflect  .    g - +0 helmet
rElec   .          Harm     .    o - +0 cloak
rCorr   .          Rampage  .    (no gloves)
Will    .....                    k - +0 pair of boots
Stlth   +++.......               (no amulet)
HPRegen 0.27/turn                n - ring of protection from cold
MPRegen 0.11/turn                (no ring)

@: no status effects
A: small, no large weapons, nightstalker 3
a: Renounce Religion


You were on level 5 of the Dungeon.
You worshipped Okawaru.
Okawaru was noncommittal.
You visited 2 branches of the dungeon, and saw 6 of its levels.
You also visited: Sewer.

You collected 234 gold pieces.
You spent 45 gold pieces at shops.

Inventory:

Hand Weapons
 a - a +0 shortbow (weapon)
Armour
 c - a +1 leather armour (worn)
 g - a +0 helmet (worn)
 k - a +0 pair of boots (worn)
 o - a +0 cloak (worn)
Jewellery
 h - a ring of fire
 n - a ring of protection from cold (left hand)
 v - a ring of protection from fire
Wands
 r - a wand of roots (9)
 w - a wand of light (9)
Scrolls
 b - 2 scrolls of immolation
 i - 2 scrolls of silence
 p - a scroll of blinking
 t - 3 scrolls of teleportation
Potions
 d - 5 potions of attraction
 e - a potion of berserk rage
 f - 5 potions of flight
 j - a potion of brilliance {unknown}
 l - a potion of mutation {unknown}
 m - 5 potions of curing
 q - a potion of haste {unknown}
 s - a potion of heal wounds {unknown}
 u - a potion of magic {unknown}


   Skills:
 - Level 2.1 Fighting
 * Level 13.2 Ranged Weapons
 - Level 2.4 Dodging
 - Level 1.3 Stealth
 + Level 1.3 Invocations


You had 7 spell levels left.
You didn't know any spells.
Your spell library contained the following spells:

 Spells                   Type           Power      Damage    Failure   Level
 Chain Lightning          Conj/Air       0%         N/A       100%        9
 Fire Storm               Conj/Fire      0%         5d1       100%        9
 Shatter                  Erth           0%         3d5*      100%        9
 Summon Small Mammal      Summ           Unusable   N/A       N/A         1
 Call Canine Familiar     Summ           Unusable   N/A       N/A         3
 Summon Guardian Golem    Hex/Summ       Unusable   N/A       N/A         3

Dungeon Overview and Level Annotations

Branches:
Dungeon (5/15)             Temple (1/1) D:5           Sewer (visited)

Altars:
Ashenzari
Cheibriados
Dithmenos
Elyvilon
Fedhas
Gozag
Hepliaklqana
Kikubaaqudgha
Makhleb
Okawaru
Trog
Uskayaw
Wu Jian
Xom
Yredelemnul
The Shining One

Shops:
D:2 =   D:5 ?


Innate Abilities, Weirdness & Mutations

You are small and have problems with some larger weapons.
You are completely attuned to the shadows.


Message History

Okawaru accepts your kill. The gnoll sergeant misses you.
You shoot an arrow. The arrow barely misses the gnoll.
You shoot an arrow. The arrow hits the gnoll!
You kill the gnoll!
Okawaru accepts your kill.
The gnoll sergeant hits you with a +3 spear of flaming!
The gnoll sergeant burns you.
You shoot an arrow.
The arrow barely misses the gnoll sergeant.
The gnoll sergeant closely misses you. The gnoll barely misses you.
You shoot an arrow. The arrow hits the gnoll sergeant!
The gnoll sergeant is severely wounded.
The gnoll sergeant hits you but does no damage.
The gnoll hits you with a +0 club.
A gnoll comes into view. It is wielding a +0 whip.
You shoot an arrow. The arrow hits the gnoll sergeant.
The gnoll sergeant is almost dead.
The gnoll sergeant hits you with a +3 spear of flaming!
The gnoll sergeant burns you. The gnoll misses you.
You are too injured to fight recklessly!
You are too injured to fight recklessly!
You are too injured to fight recklessly!
You shoot an arrow.
The arrow hits the gnoll sergeant but does no damage.
The gnoll sergeant is almost dead.
The gnoll sergeant misses you. The gnoll hits you with a +0 club.
You shoot an arrow.
The arrow completely misses the gnoll sergeant.
The gnoll sergeant hits you with a +3 spear of flaming!
* * * LOW HITPOINT WARNING * * *
The gnoll sergeant burns you.
* * * LOW HITPOINT WARNING * * *
The gnoll barely misses you.
You shoot an arrow. The arrow hits the gnoll sergeant.
The gnoll sergeant is almost dead.
The gnoll sergeant hits you with a +3 spear of flaming.
* * * LOW HITPOINT WARNING * * *
The gnoll sergeant burns you.
You die...

###################
..............#*,,*
..........)...#,,,*
..............+,,,*
..............######
##+#######.........#
.#.......#.........#
.#.......'.........#
.#.......#......@g.#
#################g##
*,,,#....#
*.,,#....#
*.g,#g...# #
*..g#g...# ####
*...'....# ...#
**######'#### ยง..#
*,..........#


You could see a gnoll sergeant and a gnoll.

Vanquished Creatures
  An ice beast (D:5)
  A black bear (D:4)
  A centaur (D:5)
  A kobold brigand (Sewer)
  3 scorpions (D:4)
  4 hounds
  A jelly (D:4)
  Crazy Yiuf (D:3)
  5 iguanas (D:5)
  9 gnolls
  7 adders
  4 river rats
  An ufetubus (D:4)
  A worm (D:2)
  2 dart slugs (D:2)
  2 orcs
  7 ball pythons
  9 endoplasms
  2 giant cockroaches
  8 hobgoblins
  5 jackals
  8 kobolds
  4 quokkas
  10 bats
  3 frilled lizards
  5 goblins
  10 rats
115 creatures vanquished.

Notes
Turn   | Place    | Note
-------+----------+-------------------------------------------
     0 | D:1      | HoaS the Kobold Hunter began the quest for the Orb.
     0 | D:1      | Reached XP level 1. HP: 12/12 MP: 1/1
   244 | D:1      | Reached XP level 2. HP: 16/17 MP: 2/2
   317 | D:1      | Reached skill level 6 in Ranged Weapons
   950 | D:2      | Reached XP level 3. HP: 21/21 MP: 3/3
  1005 | D:2      | Found Kiaseub's Jewellery Boutique.
  1274 | D:2      | You fall into a shaft and drop 1 floor!
  1334 | D:2      | Reached skill level 7 in Ranged Weapons
  1334 | D:2      | Reached XP level 4. HP: 26/26 MP: 4/4
  1828 | D:3      | Found a blossoming altar of Fedhas.
  2111 | D:3      | Found a runed translucent door.
  2114 | D:3      | Noticed Crazy Yiuf
  2200 | D:4      | Noticed a scorpion
  2221 | D:4      | Noticed a scorpion
  2295 | D:4      | Killed a scorpion
  2296 | D:4      | Reached skill level 8 in Ranged Weapons
  2296 | D:4      | Reached XP level 5. HP: 28/30 MP: 5/5
  2332 | D:4      | Reached skill level 9 in Ranged Weapons
  2332 | D:4      | Reached XP level 6. HP: 27/35 MP: 6/6
  2377 | D:4      | Found a glowing drain.
  2384 | Sewer    | Entered a sewer
  2532 | Sewer    | Found a white marble altar of Elyvilon.
  2708 | D:4      | Reached skill level 10 in Ranged Weapons
  2787 | D:4      | Reached XP level 7. HP: 40/40 MP: 7/7
  3070 | D:4      | Reached skill level 11 in Ranged Weapons
  3843 | D:3      | Killed Crazy Yiuf
  3920 | D:5      | Entered Level 5 of the Dungeon
  3952 | D:4      | Reached XP level 8. HP: 29/44 MP: 8/8
  4051 | D:5      | Reached skill level 12 in Ranged Weapons
  4316 | D:5      | Found Zaviveats's Magic Scroll Boutique.
  4322 | D:5      | Bought a scroll of teleportation for 45 gold pieces
  4599 | D:5      | Found a hide-covered altar of Uskayaw.
  4706 | D:5      | Found a staircase to the Ecumenical Temple.
  4712 | Temple   | Entered the Ecumenical Temple
  4858 | Temple   | Became a worshipper of Warmaster Okawaru
  5014 | D:5      | Reached skill level 13 in Ranged Weapons
  5149 | D:5      | Reached skill level 1 in Invocations
  5158 | D:5      | Identified the +3 robe of Asofroba {rElec rCorr Int+3
                  | Archmagi}
  5437 | D:5      | HP: 1/44 [gnoll sergeant/+3 spear of flaming (3)]
  5437 | D:5      | Slain by a gnoll sergeant

Illustrated notes

Levels and vault maps discovered:
D:1:      nzn_arrival_water_spiral, layout_loops_corners
D:2:      layout_rooms, serial_shops, shop
D:3:      layout_loops_ring, fedhas_altar_2, shapermc_ecumenical_altar_petra,
          uniq_crazy_yiuf_cottage
D:4:      layout_gridville, portal_sewer_entry_b
D:5:      layout_gridville, mainiacjoe_overflow_alcove_4,
          minmay_temple_entry_purple_smoke, serial_shops, nicolae_diamond_shop,
          roderic_batcave
Temple:   nicolae_temple_two_arcs

Skill      XL: |  1  2  3  4  5  6  7  8 |
---------------+-------------------------+-----
Ranged Weapons | 6 7 8 9 10 11 13 | 13.2
Invocations    | 1 |  1.3
Fighting       | |  2.1
Dodging        | |  2.4
Stealth        | |  1.3

Action                   |  1- 3 |  4- 6 |  7- 9 || total
-------------------------+-------+-------+-------++-------
 Fire: Shortbow          |    56 |   150 |   154 ||   360
  Use: Scroll            |     6 |     1 |     6 ||    13
       Potion            |       |     3 |       ||     3
Armor: Leather armour    |     3 |    27 |    12 ||    42
Dodge: Dodged            |     8 |    67 |    62 ||   137

Table legend: (Time is in decaauts)
 A = Elapsed time spent in this place.
 B = Non-inter-level travel time spent in this place.
 C = Inter-level travel time spent in this place.
 D = Time resting spent in this place.
 E = Time spent auto-exploring this place.
 F = Levels seen in this place.
 G = Mean time per level.
                   A        B        C        D        E       F      G
               +--------+--------+--------+--------+--------+-----+--------+
         Total |   5520 |   5323 |    197 |    537 |   4048 |   7 |  788.6 |
       Dungeon |   5002 |   4805 |    197 |    512 |   3652 |   5 | 1000.4 |
        Temple |    154 |    154 |      0 |      0 |    129 |   1 |  154.0 |
         Sewer |    362 |    362 |      0 |     25 |    267 |   1 |  362.0 |
               +--------+--------+--------+--------+--------+-----+--------+

Top non-repeatable levels by time:
     D:4: 1443 daAuts
     D:5: 1272 daAuts
     D:1: 957 daAuts
     D:3: 764 daAuts
     D:2: 565 daAuts
   Sewer: 362 daAuts
  Temple: 154 daAuts
